 Dungeon Crawl Stone Soup version 0.31-a0-121-g1e386dd289 (webtiles) character file.

Game seed: 9296505948880011513

46339 jasper the Slicer (level 14, -24/69 HPs)
             Began as a Spriggan Earth Elementalist on May 31, 2023.
             Was the Champion of Kikubaaqudgha.
             Annihilated by a komodo dragon (73 damage)
             ... on level 5 of the Lair of Beasts.
             The game lasted 00:47:26 (22330 turns).

jasper the Slicer (Spriggan Earth Elementalist)    Turns: 22330, Time: 00:47:27

Health: -24/69     AC:  7    Str:  4    XL:     14   Next: 4%
Magic:  2/22       EV:  4    Int: 27    God:    Kikubaaqudgha [******]
Gold:   214        SH:  0    Dex: 16    Spells: 4/23 levels left

rFire   + + .        B - +6 quick blade (pain)
rCold   + . .        (no shield)
rNeg    . . .        j - +0 steam dragon scales
rPois   .            (helmet restricted)
rElec   .            c - +1 cloak
rCorr   .            (gloves unavailable)
SInv    +            (boots unavailable)
Will    ++...        S - amulet of the Catamount {Faith Contam rF+ rC+ Regen+}
Stlth   ++++         N - +6 ring of intelligence
HPRegen 1.11/turn    F - ring of protection from fire
MPRegen 0.18/turn

%: faith
@: sleeping, very quick
A: very small, no large weapons, unfitting armour, see invisible, speed 3
a: Renounce Religion, Unearth Wretches, Torment


You were on level 5 of the Lair of Beasts.
You worshipped Kikubaaqudgha.
Kikubaaqudgha was exalted by your worship.
You visited 4 branches of the dungeon, and saw 19 of its levels.
You also visited: Ossuary.

You collected 1596 gold pieces.
You spent 1382 gold pieces at shops.

Inventory:

Hand Weapons
 h - a +0 dagger of venom
 A - a +0 rapier of electrocution
 B - a +6 quick blade of pain (weapon)
Armour
 a - a +0 robe
 c - a +1 cloak (worn)
 j - +0 steam dragon scales (worn)
 K - an orb of mayhem
Magical Staves
 l - a staff of fire
Jewellery
 r - a ring of willpower
 x - a ring of willpower
 y - a +6 ring of dexterity
 C - an amulet of magic regeneration
 F - a ring of protection from fire (right hand)
 I - a ring of willpower
 N - a +6 ring of intelligence (left hand)
 Q - a ring of flight
 R - a ring of magical power
 S - the amulet of the Catamount (around neck) {Faith Contam rF+ rC+ Regen+}
   (You found it on level 4 of the Lair of Beasts)

   [amulet of faith]

   It allows you to gain divine favour quickly.
   rF:        It protects you from fire.
   rC:        It protects you from cold.
   Contam:    It causes magical contamination when unequipped.
   Regen:     It increases your rate of health regeneration.
 T - a +5 ring of evasion
Wands
 o - a wand of digging (2)
 H - a wand of polymorph (5)
 M - a wand of flame (20)
 O - a wand of mindburst (3)
 P - a wand of paralysis (3)
Scrolls
 b - a scroll of amnesia
 t - 2 scrolls of enchant armour
 v - a scroll of butterflies
 z - a scroll of vulnerability
 D - 3 scrolls of brand weapon
 E - a scroll of teleportation
 G - 3 scrolls of fear
 L - 6 scrolls of identify
Potions
 d - 2 potions of resistance
 e - 3 potions of enlightenment
 f - 4 potions of attraction
 g - 3 potions of might
 i - 3 potions of brilliance
 k - 14 potions of curing
 m - a potion of invisibility
 n - 2 potions of ambrosia
 p - a potion of lignification {unknown}
 q - 3 potions of berserk rage
 s - a potion of magic
 u - 3 potions of degeneration
 w - 3 potions of haste
 J - 2 potions of mutation


   Skills:
 + Level 5.7 Fighting
 - Level 14.0 Short Blades
 + Level 9.5 Dodging
 - Level 10.0 Stealth
 - Level 5.0 Spellcasting
 - Level 4.1 Conjurations
 * Level 10.4 Necromancy
 - Level 1.3 Transmutations
 - Level 5.2 Ice Magic
 - Level 10.1 Earth Magic


You had 4 spell levels left.
You knew the following spells:

 Your Spells              Type           Power      Damage    Failure   Level
a - Sandblast             Erth           100%       2d20      1%          1
b - Passwall              Tmut/Erth      30%        N/A       1%          2
c - Stone Arrow           Conj/Erth      90%        3d12      1%          3
d - Sublimation of Blood  Necr           58%        N/A       1%          2
e - Borgnjor's Vile Clut  Necr/Erth      29%        N/A       3%          5
f - Simulacrum            Ice/Necr       24%        N/A       41%         6

Your spell library contained the following spells:

 Spells                   Type           Power      Damage    Failure   Level
 Freeze                   Ice            100%       1d10      1%          1
 Kiss of Death            Conj/Necr      100%       2d13      1%          1
 Necrotise                Necr           100%       1d9       1%          1
 Animate Dead             Necr           58%        N/A       1%          4
 Dispel Undead            Necr           58%        3d21      1%          4
 Frozen Ramparts          Ice            68%        1d11      2%          3
 Ozocubu's Armour         Ice            34%        N/A       2%          3
 Foxfire                  Conj/Fire      68%        2x1d7     3%          1
 Hailstorm                Conj/Ice       32%        3d8       3%          3
 Beastly Appendage        Tmut           28%        N/A       4%          1
 Wereblood                Tmut           14%        N/A       6%          2
 Petrify                  Tmut/Erth      37%        N/A       7%          4
 Spider Form              Tmut/Pois      10%        N/A       16%         3
 Confusing Touch          Hex            6%         N/A       22%         3
 Agony                    Necr           58%        N/A       2%          5
 Metabolic Englaciation   Hex/Ice        10%        N/A       56%         5
 Fireball                 Conj/Fire      8%         3d6       65%         5
 Summon Forest            Summ/Tloc      3%         N/A       89%         5
 Starburst                Conj/Fire      8%         6d4       99%         6
 Eringya's Noxious Bog    Tmut/Pois      5%         N/A       100%        6
 Plasma Beam              Fire/Air       3%         2x1d14    100%        6
 Haunt                    Necr/Summ      17%        N/A       100%        7
 Summon Hydra             Summ           3%         N/A       100%        7
 Infestation              Necr           29%        N/A       100%        8


Dungeon Overview and Level Annotations

Branches:
Dungeon (11/15)            Temple (1/1) D:4            Lair (5/5) D:10
  Swamp (0/4) Lair:2       Spider (0/4) Lair:2        Slime (0/5) Lair:5
    Orc (2/2) D:11            Elf (0/3) Orc:2       Ossuary (visited)

Altars:
Ashenzari
Cheibriados
Dithmenos
Elyvilon
Fedhas
Gozag
Hepliaklqana
Kikubaaqudgha
Makhleb
Nemelex Xobeh
Okawaru
Qazlal
Ru
Sif Muna
Trog
Uskayaw
Vehumet
Wu Jian
Xom
Yredelemnul
Zin

Shops:
D:5 !   D:6 ?=   Orc:2 ([*:(

Annotations:
D:4 3 runed translucent doors, Medalis's ghost, amateur TrFi
D:9 exclusions: downstairs and 1 more exclusion
D:10 1 runed translucent door
D:11 4 runed translucent doors
Temple 2 transporters
Lair:5 1 runed translucent door, dolemite99's ghost, adept GnTm


Innate Abilities, Weirdness & Mutations

You are very small and have problems with some larger weapons.
You are too small for most types of armour.
You have supernaturally acute eyesight. (SInv)
You cover ground extremely quickly. (Speed+++)


Message History

Aim: a dream sheep (severely wounded, 85% to hit)
The blast of sand hits the dream sheep!!
You kill the dream sheep!
Kikubaaqudgha accepts your kill.
The zombie hands constrict the plant!!
A nearby plant withers and dies.
The zombie hands lose their grip on the plant.
The dream sheep ruffles its wool and motes of dream dust sparkle, to no effect.
Casting: Sandblast (safe; 1% risk of failure)
Confirm with . or Enter, or press ? or * to list all spells.
You don't have enough magic to cast this spell.
Unknown command.
Casting: Sandblast (safe; 1% risk of failure)
Confirm with . or Enter, or press ? or * to list all spells.
You draw magical energy from your own body!
The dream sheep ruffles its wool and motes of dream dust sparkle, to no effect.
You take 4 damage, and have 44/69 hp.
You regained 4 mp, and now have 6/22 mp.
Casting: Sublimation of Blood (safe; 1% risk of failure)
Confirm with . or Enter, or press ? or * to list all spells.
Aiming: Borgnjor's Vile Clutch (dangerous; 3% risk of failure)
Press: ? - help, Shift-Dir - straight line, f - dream sheep
Aim: a dream sheep (100% to hit)
Zombie hands grab the dream sheep.
The zombie hands constrict the dream sheep!
The dream sheep ruffles its wool and motes of dream dust sparkle, to no effect.
You now have 1/22 mp.
The zombie hands constrict the dream sheep.
The dream sheep struggles to escape constriction.
The zombie hands constrict the dream sheep.
The dream sheep shakes its wool and sparkles.
You feel drowsy...
You fall asleep.
The zombie hands constrict the dream sheep!
The dream sheep struggles to escape constriction.
The zombie hands constrict the dream sheep!
You kill the dream sheep!
Kikubaaqudgha accepts your kill. The komodo dragon bites you!!!!
Ouch! That really hurt!
You die...
Kikubaaqudgha rasps: "You have failed me!
Welcome... death!"

#.............#
#.............#
##............♣#
#.....#####....##
##[...###.##....#
#.....##W(.#....#
##.....##+##....♣
##..............♣
#........@.....♣#
#.....##l......#
#....#.......♣#
#....†##.....#
#....†.##.....#
#.#.....##.....#
#..?...##.....#
#P.....###.....♣
##..... ##.....#


You could see a komodo dragon, a +2 great sword of chaos and dolemite99's ghost.

Vanquished Creatures
  Saint Roka (Orc:2)
  Snorg (Orc:2)
  3 hydras (Lair:4)
  2 two-headed ogres
  2 orc high priests
  6 death yaks (Lair:5)
  Nergalle (Orc:2)
  4 orc knights (Orc:2)
  2 orc sorcerers (Orc:2)
  14 elephants
  Maurice (Orc:1)
  3 black mambas
  A gargoyle (D:11)
  11 cane toads
  5 rime drakes
  3 komodo dragons
  2 polar bears
  5 trolls
  3 blink frogs (Lair:3)
  A hornet (D:11)
  18 dream sheep
  A water elemental (D:11)
  2 shadows
  3 wyverns
  7 yaks
  A basilisk (Lair:4)
  2 steam dragons
  A warg (Orc:2)
  2 acid dragons (Lair:5)
  10 water moccasins
  2 sky beasts
  39 orc warriors
  2 black bears (D:6)
  2 ice beasts
  9 ogres
  18 wolves
  A centaur (D:8)
  5 kobold brigands
  16 bullfrogs
  9 scorpions (Ossuary)
  5 necrophages (D:8)
  A wyvern zombie (D:8)
  12 wights
  16 killer bees
  6 howler monkeys
  An electric eel (D:11)
  2 centaur zombies (Ossuary)
  4 hounds
  4 human zombies (Ossuary)
  2 jellies (D:5)
  3 gnoll boudas
  16 orc priests
  4 scorpion zombies (Ossuary)
  3 iguanas
  27 orc wizards
  A killer bee zombie (D:8)
  4 mummies
  17 gnolls
  An adder (D:5)
  2 river rats (D:3)
  A shadow imp (D:5)
  3 white imps
  3 ufetubi
  4 worms
  7 dart slugs
  72 orcs
  5 endoplasms
  5 giant cockroaches
  2 gnoll zombies (Ossuary)
  6 goblins
  7 hobgoblins
  8 jackals
  26 kobolds
  8 quokkas
  12 ball pythons
  4 bats
  4 frilled lizards
  2 goblin zombies (Ossuary)
  2 hobgoblin zombies (Ossuary)
  4 kobold zombies (Ossuary)
  3 orc zombies (Ossuary)
  7 rats
547 creatures vanquished.

Notes
Turn   | Place    | Note
-------+----------+-------------------------------------------
     0 | D:1      | jasper the Spriggan Earth Elementalist began the quest for
                  | the Orb.
     0 | D:1      | Reached XP level 1. HP: 9/9 MP: 5/5
   188 | D:1      | Reached XP level 2. HP: 13/13 MP: 0/7
   191 | D:1      | Learned a level 2 spell: Passwall
   663 | D:1      | Reached XP level 3. HP: 16/16 MP: 6/8
   667 | D:1      | Learned a level 3 spell: Stone Arrow
  1470 | D:2      | Reached XP level 4. HP: 21/21 MP: 7/9
  1626 | D:2      | Found a faded altar of an unknown god.
  1654 | D:2      | Prayed at the altar of an unknown god.
  1654 | D:2      | Became a worshipper of Ashenzari the Shackled
  1704 | D:2      | Fell from the grace of Ashenzari
  1847 | D:3      | Found an opulent altar of Gozag.
  2157 | D:3      | Reached skill level 5 in Earth Magic
  2247 | D:3      | Found a shadowy altar of Dithmenos.
  2251 | D:3      | Found a bloodstained altar of Trog.
  2256 | D:3      | Found a hazy altar of Hepliaklqana.
  2415 | D:3      | Reached XP level 5. HP: 7/24 MP: 6/10
  3191 | D:4      | Noticed a fire elemental
  3193 | D:4      | Found a stormy altar of Qazlal.
  3195 | D:4      | Noticed an air elemental
  3195 | D:4      | Noticed a water elemental
  3461 | D:4      | Found a burning altar of Makhleb.
  3525 | D:4      | Found a runed translucent gate.
  3526 | D:4      | Found a runed translucent gate.
  3527 | D:4      | Found a runed translucent gate.
  3529 | D:4      | Noticed Medalis's ghost (amateur TrFi)
  3637 | D:4      | Found a staircase to the Ecumenical Temple.
  3855 | Temple   | Entered the Ecumenical Temple
  3855 | Temple   | Found a transporter.
  3855 | Temple   | Found a transporter.
  3857 | Temple   | Found a transporter.
  3857 | Temple   | Found a transporter.
  3875 | Temple   | Became a worshipper of Kikubaaqudgha
  4089 | D:5      | Entered Level 5 of the Dungeon
  4319 | D:5      | Was forgiven by Ashenzari
  4391 | D:5      | Reached XP level 6. HP: 28/28 MP: 8/11
  4858 | D:5      | Found Qiybriym's Distillery.
  4863 | D:5      | Bought a potion of curing for 30 gold pieces
  4863 | D:5      | Bought a potion of heal wounds for 50 gold pieces
  4863 | D:5      | Bought a potion of curing for 30 gold pieces
  4863 | D:5      | Bought a potion of curing for 30 gold pieces
  4863 | D:5      | Bought a potion of curing for 30 gold pieces
  4863 | D:5      | Bought a potion of heal wounds for 50 gold pieces
  4863 | D:5      | Bought a potion of heal wounds for 50 gold pieces
  4978 | D:5      | Found a sand-covered staircase.
  4988 | Ossuary  | Entered an ossuary
  5027 | Ossuary  | Reached XP level 7. HP: 19/32 MP: 6/12
  5119 | Ossuary  | Reached * piety under Kikubaaqudgha
  5119 | Ossuary  | Received a gift from Kikubaaqudgha
  5123 | Ossuary  | Learned a level 2 spell: Sublimation of Blood
  5481 | Ossuary  | Reached XP level 8. HP: 36/36 MP: 2/13
  5928 | D:6      | Found Emapray's Magic Scroll Emporium.
  5965 | D:6      | Found a white marble altar of Elyvilon.
  5972 | D:6      | Reached skill level 10 in Earth Magic
  5972 | D:6      | Reached ** piety under Kikubaaqudgha
  5976 | D:6      | Reached skill level 1 in Conjurations
  6168 | D:6      | Found a snail-covered altar of Cheibriados.
  6470 | D:6      | Found Hiaxt's Jewellery Boutique.
  6576 | D:6      | Reached XP level 9. HP: 39/39 MP: 10/14
  6841 | D:6      | Identified a scroll of acquirement
  6841 | D:6      | Acquired a +3 quick blade of draining
  6854 | D:7      | Reached skill level 1 in Short Blades
  6917 | D:7      | Reached skill level 2 in Short Blades
  6958 | D:7      | Reached skill level 3 in Short Blades
  7074 | D:7      | Found a shimmering altar of Xom.
  7092 | D:7      | Reached skill level 4 in Short Blades
  7114 | D:7      | Reached skill level 5 in Short Blades
  7378 | D:7      | Reached skill level 6 in Short Blades
  7460 | D:7      | Reached *** piety under Kikubaaqudgha
  7460 | D:7      | Received a gift from Kikubaaqudgha
  7467 | D:7      | Reached skill level 7 in Short Blades
  7473 | D:7      | Learned a level 5 spell: Borgnjor's Vile Clutch
  7936 | D:8      | Reached skill level 8 in Short Blades
  8373 | D:8      | Found a hide-covered altar of Uskayaw.
  8405 | D:8      | Reached XP level 10. HP: 35/44 MP: 11/15
  8731 | D:8      | Found a blossoming altar of Fedhas.
  9065 | D:8      | Reached skill level 9 in Short Blades
  9254 | D:9      | Reached **** piety under Kikubaaqudgha
  9552 | D:9      | Noticed a two-headed ogre
  9576 | D:9      | Killed a two-headed ogre
  9577 | D:9      | Reached skill level 10 in Short Blades
 10094 | D:9      | Reached skill level 11 in Short Blades
 10450 | D:10     | Entered Level 10 of the Dungeon
 10621 | D:10     | Found a runed translucent door.
 10625 | D:10     | Found a basalt altar of Yredelemnul.
 10784 | D:10     | Found a staircase to the Lair.
 10810 | D:10     | Reached skill level 12 in Short Blades
 11074 | D:10     | Found a broken altar of Ashenzari.
 11668 | D:11     | Noticed a two-headed ogre
 11681 | D:11     | Killed a two-headed ogre
 11682 | D:11     | Reached skill level 13 in Short Blades
 11682 | D:11     | Reached XP level 11. HP: 14/47 MP: 13/16
 11899 | D:11     | Noticed an ice dragon
 11899 | D:11     | Noticed a death yak
 12091 | Lair:1   | Entered Level 1 of the Lair of Beasts
 12662 | Lair:1   | Reached ***** piety under Kikubaaqudgha
 12677 | Lair:2   | Found a hole to the Spider Nest.
 12685 | Lair:2   | Reached skill level 14 in Short Blades
 12827 | Lair:1   | Reached skill level 1 in Necromancy
 12927 | Lair:1   | Reached skill level 1 in Fighting
 13129 | D:6      | Bought an amulet of magic regeneration for 300 gold pieces
 13716 | Lair:2   | Reached skill level 5 in Stealth
 14128 | Lair:2   | Found a staircase to the Swamp.
 14564 | Lair:2   | Reached skill level 5 in Dodging
 14857 | Lair:3   | Reached XP level 12. HP: 56/56 MP: 17/17
 14869 | Lair:3   | Reached skill level 5 in Necromancy
 15813 | Lair:4   | Learned a level 6 spell: Simulacrum
 15879 | Lair:4   | Noticed a seven-headed hydra
 15895 | Lair:4   | Killed a seven-headed hydra
 15896 | Lair:4   | Reached skill level 5 in Spellcasting
 15896 | Lair:4   | Reached skill level 1 in Ice Magic
 16027 | Lair:4   | Noticed a seven-headed hydra
 16033 | Lair:4   | Killed a seven-headed hydra
 16173 | Lair:4   | Identified the amulet of the Catamount {Faith Contam rF+
                  | rC+ Regen+}
 16252 | Lair:4   | Noticed a seven-headed hydra
 16259 | Lair:4   | Killed a seven-headed hydra
 17008 | Lair:5   | Entered Level 5 of the Lair of Beasts
 17008 | Lair:5   | Noticed a death yak
 17008 | Lair:5   | Noticed a death yak
 17008 | Lair:5   | Noticed a death yak
 17008 | Lair:5   | Noticed a death yak
 17008 | Lair:5   | Noticed a death yak
 17010 | Lair:5   | Noticed a death yak
 17024 | Lair:5   | Killed a death yak
 17032 | Lair:5   | Killed a death yak
 17038 | Lair:5   | Killed a death yak
 17043 | Lair:5   | Killed a death yak
 17053 | Lair:5   | Killed a death yak
 17080 | Lair:5   | Killed a death yak
 17081 | Lair:5   | Reached XP level 13. HP: 32/60 MP: 1/21
 17460 | Lair:5   | Found a staircase to the Slime Pits.
 17768 | D:11     | Found a large runed translucent door.
 17768 | D:11     | Found a large runed translucent door.
 17801 | D:11     | Found a large runed translucent door.
 17801 | D:11     | Found a large runed translucent door.
 17887 | D:11     | Reached ****** piety under Kikubaaqudgha
 18015 | D:11     | Found a staircase to the Orcish Mines.
 18100 | Orc:1    | Entered Level 1 of the Orcish Mines
 18104 | Orc:1    | Noticed Maurice
 18189 | Orc:1    | Reached skill level 10 in Necromancy
 18189 | Orc:1    | Reached skill level 5 in Ice Magic
 18193 | Orc:1    | Killed Maurice
 18232 | Orc:1    | Identified a +6 quick blade of pain (a +4 quick blade of
                  | draining bloodied by Kikubaaqudgha)
 18232 | Orc:1    | Received a gift from Kikubaaqudgha
 18727 | Orc:2    | Entered Level 2 of the Orcish Mines
 18727 | Orc:2    | Found a staircase to the Elven Halls.
 19108 | Orc:2    | Found Vaixog's Antique Weapon Emporium.
 19418 | Orc:2    | Noticed Snorg
 19501 | Orc:2    | Killed Snorg
 20113 | Orc:2    | Noticed Nergalle
 20113 | Orc:2    | Noticed Saint Roka
 20599 | Orc:2    | Killed Nergalle
 20613 | Orc:2    | Killed Saint Roka
 20614 | Orc:2    | Reached skill level 10 in Stealth
 20624 | Orc:2    | Reached skill level 5 in Fighting
 20752 | Orc:2    | Found Xobo's Antique Weapon Shoppe.
 20843 | Orc:2    | Found Mung's General Store.
 20850 | Orc:2    | Bought a potion of magic for 112 gold pieces
 20850 | Orc:2    | Bought a potion of curing for 42 gold pieces
 20850 | Orc:2    | Bought a potion of curing for 42 gold pieces
 21020 | Orc:2    | Found Huutroch's Book Shoppe.
 21027 | Orc:2    | Bought a book of Death for 616 gold pieces
 21284 | Orc:2    | Found Ulemexku's Antique Armour Shoppe.
 22178 | Lair:5   | Reached XP level 14. HP: 44/69 MP: 3/22
 22303 | Lair:5   | Found a runed translucent door.
 22303 | Lair:5   | Found a shimmering altar of Xom.
 22303 | Lair:5   | Noticed dolemite99's ghost (adept GnTm)
 22330 | Lair:5   | Annihilated by a komodo dragon

Illustrated notes

Levels and vault maps discovered:
D:1:      kilobyte_arrival_exit_the_forest, layout_basic, minmay_hexomino_p4
D:2:      minmay_chambers_of_ones, layout_rooms, ebering_ecumenical_altar_webs,
          nicolae_concentric_dashed_squares_mild
D:3:      layout_basic, grunt_gozag_statues, grunt_temple_overflow_diamond,
          gup_sewer_entry_bubbles
D:4:      minmay_door_path, layout_basic, nicolae_qazlal_style_of_elements,
          mainiacjoe_overflow_cross_hatched,
          minmay_temple_entry_enclosed_plants, gammafunk_ghost_nasty_kobolds
D:5:      layout_loops_ring, gup_ossuary_entry_pyramid, serial_shops,
          kennysheep_little_box, nrook_mini_vaults
D:6:      layout_basic, general_overflow_altar,
          mainiacjoe_overflow_six_doors_small, serial_shops,
          nicolae_shop_peninsula, shop_fountains, grunt_ministairs_11,
          minmay_unpleasant_kobolds
D:7:      layout_basic, nicolae_overflow_crystal_walls
D:8:      layout_loops_ring, mainiacjoe_overflow_catwalk,
          fedhas_altar_decomposition, chequers_serial_rivers_small_b,
          minmay_misc_feat_doors
D:9:      layout_basic, grunt_decor_fettered, minmay_circle_x
D:10:     layout_roguey, nicolae_ashenzari_skybound, dk_yredelemnul_ordeal,
          lair_entry_dummy, serial_curves, eino_curves_04, eino_curves_02,
          eino_curves_04, eino_curves_03, nrook_mini_backslash
D:11:     dreamdust_isle_of_ice, layout_irregular_city, erik_orc_2,
          minmay_hollow_rounded_squares
Temple:   hellmonk_temple_divided_pantheon
Lair:1:   layout_chaotic_city
Lair:2:   hellmonk_ruined_rings, layout_regular_city, swamp_mist_pool,
          spider_nest_entry_web_field
Lair:3:   beast_lair_carwin_large_4, layout_concentric_octagons
Lair:4:   layout_gridlike, grunt_megastairs_1
Lair:5:   due_jungle_book, layout_long_grid, dpeg_slime_entry_enclosed,
          ebering_ghost_xom, guppyfry_lair_drakes, lemuel_fruit_tree
Orc:1:    layout_caves, uniq_maurice
Orc:2:    grunt_orc_cross, layout_diamond_mine, serial_shops,
          nicolae_shop_real_fake_doors, uniq_snorg

Skill      XL: |  1  2  3  4  5  6  7  8  9 10 11 12 13 |
---------------+----------------------------------------+-----
Spellcasting   | 3 5 |  5.0
Earth Magic    | 3 4 5 6 7 8 10 | 10.1
Conjurations   | 3 4 |  4.1
Short Blades   | 8 13 14 | 14.0
Dodging        | 5 6 9 |  9.5
Necromancy     | 4 9 10 | 10.4
Fighting       | 3 5 |  5.7
Stealth        | 6 7 10 | 10.0
Ice Magic      | 4 5 |  5.2
Transmutations | |  1.3

Action                     |  1- 3 |  4- 6 |  7- 9 | 10-12 | 13-15 || total
---------------------------+-------+-------+-------+-------+-------++-------
  Melee: Quick blade       |       |       |     2 |   159 |   154 ||   315
         Punch             |       |       |       |     5 |     1 ||     6
   Cast: Sandblast         |    64 |   135 |   223 |   266 |   141 ||   829
         Stone Arrow       |       |       |       |    49 |     2 ||    51
         Borgnjor's Vile C |       |       |       |    27 |   120 ||   147
         Sublimation of Bl |       |       |       |       |    37 ||    37
 Invoke: Renounce Religion |       |     1 |       |       |       ||     1
         Brand Weapon With |       |       |       |       |     1 ||     1
  Evoke: Wand              |       |       |       |     6 |    10 ||    16
    Use: Scroll            |     5 |     6 |     8 |     9 |     2 ||    30
         Potion            |       |     1 |     1 |     3 |     2 ||     7
   Stab: Sleeping          |       |       |       |     2 |       ||     2
 Armour: Robe              |       |     6 |     7 |       |       ||    13
         Steam dragon scal |       |       |    12 |    52 |    23 ||    87
  Dodge: Dodged            |     8 |    75 |   102 |   268 |   147 ||   600

Table legend: (Time is in decaauts)
 A = Elapsed time spent in this place.
 B = Non-inter-level travel time spent in this place.
 C = Inter-level travel time spent in this place.
 D = Time resting spent in this place.
 E = Time spent auto-exploring this place.
 F = Levels seen in this place.
 G = Mean time per level.
                   A        B        C        D        E       F      G
               +--------+--------+--------+--------+--------+-----+--------+
         Total |  17979 |  17189 |    790 |   1909 |  12134 |  20 |  899.0 |
       Dungeon |   9476 |   9060 |    416 |    786 |   6791 |  11 |  861.5 |
        Temple |     23 |     18 |      5 |      0 |      0 |   1 |   23.0 |
          Lair |   4839 |   4539 |    300 |    623 |   3123 |   5 |  967.8 |
  Orcish Mines |   2830 |   2762 |     68 |    452 |   1651 |   2 | 1415.0 |
       Ossuary |    809 |    809 |      0 |     47 |    567 |   1 |  809.0 |
               +--------+--------+--------+--------+--------+-----+--------+

Top non-repeatable levels by time:
   Orc:2: 1971 daAuts
  Lair:4: 1179 daAuts
  Lair:2: 1166 daAuts
     D:9: 1151 daAuts
     D:8: 1085 daAuts
  Lair:1: 991 daAuts
    D:10: 928 daAuts
     D:3: 905 daAuts
   Orc:1: 859 daAuts
     D:4: 858 daAuts
     D:7: 853 daAuts
  Lair:5: 848 daAuts
     D:1: 835 daAuts
    D:11: 811 daAuts
 Ossuary: 809 daAuts
